 Dungeon Sprint DCSS version 0.26-a0-663-g36e8fdb655 (webtiles) character file.

Game seed: 16702244655580057850

1257 Conn the Thaumaturge (level 11, -1/74 HPs)
             Began as an Octopode Hedge Wizard on Oct 10, 2020.
             Was the Champion of Vehumet.
             Slain by a phase spider (14 damage)
             ... in the Dungeon (Sprint VI: "Thunderdome").
             The game lasted 00:29:21 (1670 turns).

Conn the Thaumaturge (Octopode Hedge Wizard)        Turns: 1670, Time: 00:29:22

Health: -1/74      AC:  6    Str: 16    XL:     11   Next: 77%
Magic:  17/28      EV: 23    Int: 21    God:    Vehumet [******]
Gold:   295        SH:  0    Dex: 19    Spells: 10/36 levels left

rFire    + + +     SeeInvis .   c - +3 Elemental Staff {rElec rF++ rC++ MR++ AC+5}
rCold    + . .     Faith    .   (no shield)
rNeg     + + .     Spirit   .   b - +0 hat
rPois    +         Reflect  .   (no amulet)
rElec    +         Harm     .   m - ring "Labbitey" {rN++ Dex+6}
rCorr    .         Rampage  .   n - ring "Marrusej" {Fire Int+2 Slay+4}
MR       +++..     NoTele   +   p - ring of Midsummer {+Fly rF+ EV+4}
Stlth    ++++++....             h - ring "Elouvir" {rPois rF+ Slay+3}
HPRegen  0.22/turn              (no ring)
MPRegen  0.21/turn              e - ring "Sanog" {rPois rF+++ MR+ Str+7 Slay-3}
                                (no ring)
                                (no ring)

@: lethally poisoned (-1 -> -14)
A: almost no armour, stealthy swim, amphibious, 8 rings, constrict 8, camouflage
1, gelatinous body 1
}: 1/15 runes: decaying
a: Renounce Religion, Evoke Flight


You were in the Dungeon.
You worshipped Vehumet.
Vehumet was exalted by your worship.
You visited 1 branch You collected 1480 gold pieces.
You spent 1185 gold pieces at shops.

Inventory:

Hand Weapons
 a - a +0 dagger
 c - the +3 Elemental Staff (weapon) {rElec rF++ rC++ MR++ AC+5}
   (You found it in the Dungeon)

   It affects your AC (+5).
   It greatly protects you from fire.
   It greatly protects you from cold.
   It insulates you from electricity.
   It affects your resistance to hostile enchantments.
Armour
 b - a +0 hat (worn)
Jewellery
 d - the ring of Piareg {rElec rPois Str+6 Int-4}
   (You bought it in a shop in the Dungeon)

   [ring of poison resistance]

   It affects your strength (+6).
   It affects your intelligence (-4).
   It insulates you from electricity.
   It protects you from poison.
 e - the ring "Sanog" (on tentacle) {rPois rF+++ MR+ Str+7 Slay-3}
   (You bought it in a shop in the Dungeon)

   [ring of protection from magic]

   It affects your strength (+7).
   It affects your accuracy and damage with ranged weapons and melee attacks
   (-3).
   It renders you almost immune to fire.
   It protects you from poison.
   It affects your resistance to hostile enchantments.
 h - the ring "Elouvir" (on tentacle) {rPois rF+ Slay+3}
   (You bought it in a shop in the Dungeon)

   [ring of protection from fire]

   It affects your accuracy and damage with ranged weapons and melee attacks
   (+3).
   It protects you from fire.
   It protects you from poison.
 j - the ring "Nodwevemp" {rPois rCorr Int-4 Dex+3}
   (You bought it in a shop in the Dungeon)

   [ring of resist corrosion]

   It affects your intelligence (-4).
   It affects your dexterity (+3).
   It protects you from poison.
   It provides partial protection from all sources of acid and corrosion.
 m - the ring "Labbitey" (left tentacle) {rN++ Dex+6}
   (You bought it in a shop in the Dungeon)

   [ring of dexterity]

   It affects your dexterity (+6).
   It greatly protects you from negative energy.
 n - the ring "Marrusej" (right tentacle) {Fire Int+2 Slay+4}
   (You bought it in a shop in the Dungeon)

   [ring of fire]

   It enhances your fire magic.
   It affects your intelligence (+2).
   It affects your accuracy and damage with ranged weapons and melee attacks
   (+4).
   It protects you from fire.
   It makes you vulnerable to cold.
 o - the amulet of Tecroph {Acrobat rC- MR+++ Slay+2}
   (You bought it in a shop in the Dungeon)

   [amulet of the acrobat]

   It helps you evade while moving and waiting.
   It affects your accuracy and damage with ranged weapons and melee attacks
   (+2).
   It makes you vulnerable to cold.
   It affects your resistance to hostile enchantments.
 p - the ring of Midsummer (on tentacle) {+Fly rF+ EV+4}
   (You bought it in a shop in the Dungeon)

   [ring of evasion]

   It affects your evasion (+4).
   It protects you from fire.
   It lets you fly.
Scrolls
 i - 9 scrolls of blinking
 k - 3 scrolls of fog
 q - 15 scrolls of remove curse
Potions
 f - a potion of haste
 g - 2 potions of magic
 l - a potion of resistance


   Skills:
 * Level 6.7 Fighting
 + Level 5.6 Short Blades
 * Level 8.7 Staves
 + Level 7.4 Dodging
 - Level 9.8 Stealth
   Level 4.0 Shields
 + Level 13.2 Spellcasting
 * Level 11.7 Conjurations
 + Level 6.7 Summonings
 + Level 5.5 Translocations
 + Level 4.2 Fire Magic
 * Level 1.4 Ice Magic
 + Level 5.1 Air Magic
 + Level 5.0 Poison Magic
 + Level 4.2 Evocations


You had 10 spell levels left.
You knew the following spells:

 Your Spells              Type           Power        Failure   Level
a - Magic Dart            Conj           ####         1%          1
b - Blink                 Tloc           N/A          1%          2
c - Call Imp              Summ           #####...     1%          2
d - Conjure Flame         Conj/Fire      #######.     1%          3
e - Mephitic Cloud        Conj/Pois/Air  ######..     1%          3
f - Freeze                Ice            ####         1%          1
g - Iskenderun's Mystic   Conj/Tloc      ######..     1%          4
h - Hailstorm             Conj/Ice       ######..     1%          4
i - Freezing Cloud        Conj/Ice/Air   ######....   16%         6

Your spell library contained the following spells:

 Spells                   Type           Power        Failure   Level
 Slow                     Hex            ##......     7%          2


Dungeon Overview and Level Annotations

Branches:
Dungeon (1/1)

Altars:
Cheibriados
Dithmenos
Fedhas
Gozag
Kikubaaqudgha
Makhleb
Okawaru
Qazlal
Ru
Sif Muna
Trog
Uskayaw
Vehumet
Wu Jian
Xom
Yredelemnul
Zin
The Shining One
Beogh
Jiyva
Lugonu

Shops:
D *[??*?*:[((!!!!


Innate Abilities, Weirdness & Mutations

You cannot wear most types of armour.
You are very stealthy in the water. (Stealth+)
You are amphibious.
You can wear up to eight rings at the same time.
You can use your tentacles to constrict eight enemies at once.
Your skin changes colour to match your surroundings (Stealth+).
Your rubbery body absorbs attacks. (AC +1, EV +1)


Message History

Aim: a phase spider (noxious fumes, lightly wounded, confused)
You feel a surge of power!
The ball explodes into a vile cloud!
The stinking cloud engulfs the phase spider but does no damage.
The phase spider is lightly wounded.
* * * LOW HITPOINT WARNING * * *
You feel sick.
The phase spider is engulfed in noxious fumes.
The phase spider appears confused.
The phase spider is engulfed in noxious fumes.
The phase spider appears confused.
Unknown command.
Unknown command.
* * * LOW HITPOINT WARNING * * *
You feel sick.
You hit the phase spider. You grab the phase spider.
The phase spider is lightly wounded.
You constrict the phase spider.
* * * LOW HITPOINT WARNING * * *
You feel sick. The phase spider pounces on you!
You die...

⌠..........# #.<.# #[.........⌠#
⌠.........)###...###..........⌠#
#.............###.............##
###∩....[...8.# #.8........∩###
##∩.__).....###.[...._._∩##
######.8.....§...8.######
#⌠...[§..†...⌠# ###...☼§§s..###
#_...○@.._# #_......._#
#_........# #∩.......∩#
##∩.....∩## ##.....## ##⌠⌠⌠##
#####


You could see a phase spider (confused).

Vanquished Creatures
  2 hydras (D)
  A wizard (D)
  2 flayed ghosts (D)
  A wolf spider (D)
  3 silent spectres (D)
  3 queen bees (D)
  A hornet (D)
  A vampire mosquito (D)
  2 swamp drakes (D)
  16 dwarves (D)
  A phantom (D)
  A necrophage (D)
  A big kobold (D)
  A bullfrog (D)
  6 killer bees (D)
  A wight (D)
  6 vampire bats (D)
  2 hounds (D)
  A jelly (D)
  An orc wizard (D)
  Jessica (D)
  Ijyb (D)
  2 worker ants (D)
  An adder (D)
  An adder zombie (D)
  A goblin (D)
  2 kobolds (D)
  A quokka (D)
  A quokka zombie (D)
  A rat (D)
65 creatures vanquished.

Vanquished Creatures (collateral kills)
  Josephine (D)
1 creature vanquished.

Grand Total: 66 creatures vanquished

Notes
Turn   | Place    | Note
-------+----------+-------------------------------------------
     0 | D        | Conn the Octopode Hedge Wizard began the quest for the Orb.
     0 | D        | Reached XP level 1. HP: 11/11 MP: 4/4
     1 | D        | Found a snail-covered altar of Cheibriados.
     1 | D        | Found a bloodstained altar of Trog.
     2 | D        | Found a viscous altar of Jiyva.
     2 | D        | Found a shadowy altar of Dithmenos.
     3 | D        | Found a roughly hewn altar of Beogh.
     4 | D        | Found Fouquumm's Identification Station.
     4 | D        | Found a shimmering altar of Xom.
     4 | D        | Found a corrupted altar of Lugonu.
     5 | D        | Found Ecvenwiu's Advanced Armour.
     5 | D        | Found Bieduato's Jewellery.
     5 | D        | Round 1.
    23 | D        | Bought a vibrating silver ring for 45 gold pieces
    23 | D        | Bought a steaming steel ring for 45 gold pieces
    23 | D        | Bought a wavering iron amulet for 45 gold pieces
    23 | D        | Identified the ring "Labbitey" {rN++ Dex+6} (You bought it
                  | in a shop in the Dungeon)
    24 | D        | Identified the ring "Marrusej" {Fire Int+2 Slay+4} (You
                  | bought it in a shop in the Dungeon)
    30 | D        | Identified the amulet of Tecroph {Acrobat rC- MR+++ Slay+2}
                  | (You bought it in a shop in the Dungeon)
    30 | D        | Bought a twitching lead ring for 45 gold pieces
    30 | D        | Identified the ring of Midsummer {+Fly rF+ EV+4} (You
                  | bought it in a shop in the Dungeon)
    32 | D        | Found a radiant altar of Vehumet.
    36 | D        | Found an iron altar of Okawaru.
    37 | D        | Found Moreyli's Premium Goods.
    38 | D        | Found Ratuwk's Miscellaneous Merchandise.
    38 | D        | Found Pygyssac's Basic Armour.
    39 | D        | Found a basalt altar of Yredelemnul.
    39 | D        | Found a glowing golden altar of the Shining One.
    39 | D        | Found Woiw's Weapon Rack.
    43 | D        | Found a burning altar of Makhleb.
    45 | D        | Found an ornate altar of the Wu Jian Council.
    46 | D        | Found Wamiqezy's Do-It-Yourself Clinic.
    46 | D        | Found an opulent altar of Gozag.
    46 | D        | Found a hide-covered altar of Uskayaw.
    46 | D        | Found a glowing silver altar of Zin.
    46 | D        | Found Xocheech's Distillery.
    47 | D        | Found Kumneime's Bottled Wisdom.
    47 | D        | Found Edifaki's Distillery.
    50 | D        | Found a blossoming altar of Fedhas.
    51 | D        | Found a shimmering blue altar of Sif Muna.
    52 | D        | Found an ancient bone altar of Kikubaaqudgha.
    53 | D        | Found Faurr's Staff Store.
    54 | D        | Found Ujikhlemy's Must-Have Magic.
    54 | D        | Found Wuestrewa's Magic Scroll Shop.
    55 | D        | Found a stormy altar of Qazlal.
    55 | D        | Found a sacrificial altar of Ru.
    55 | D        | Found Ulowipn's Magic Scroll Shop.
    55 | D        | Noticed a big kobold
    78 | D        | Noticed Ijyb
    92 | D        | Killed a big kobold
    92 | D        | Reached skill level 6 in Spellcasting
    92 | D        | Reached XP level 2. HP: 7/18 MP: 5/9
    92 | D        | Reached XP level 3. HP: 9/22 MP: 6/11
    92 | D        | Reached XP level 4. HP: 11/27 MP: 6/12
   100 | D        | Killed Ijyb
   100 | D        | Arena points: 12 (+12) [x2]
   100 | D        | Reached skill level 7 in Spellcasting
   141 | D        | Round 2.
   161 | D        | Reached XP level 5. HP: 17/32 MP: 11/15
   167 | D        | Reached skill level 1 in Evocations
   193 | D        | Learned a level 2 spell: Blink
   196 | D        | Learned a level 2 spell: Call Imp
   200 | D        | Learned a level 3 spell: Conjure Flame
   204 | D        | Learned a level 3 spell: Mephitic Cloud
   234 | D        | Noticed Jessica
   239 | D        | Killed Jessica
   239 | D        | Reached skill level 5 in Stealth
   239 | D        | Reached skill level 8 in Spellcasting
   239 | D        | Reached skill level 1 in Fire Magic
   239 | D        | Reached skill level 1 in Air Magic
   273 | D        | Reached skill level 1 in Fighting
   285 | D        | Arena points: 54 (+42) [x3]
   330 | D        | Became a worshipper of Vehumet
   339 | D        | Round 3.
   345 | D        | Reached XP level 6. HP: 34/38 MP: 10/17
   376 | D        | Reached * piety under Vehumet
   376 | D        | Offered knowledge of Shock by Vehumet.
   380 | D        | Reached skill level 1 in Poison Magic
   385 | D        | Reached skill level 9 in Spellcasting
   392 | D        | Reached ** piety under Vehumet
   392 | D        | Arena points: 138 (+84) [x4]
   392 | D        | Reached XP level 7. HP: 41/43 MP: 11/19
   418 | D        | Round 4.
   482 | D        | Reached *** piety under Vehumet
   502 | D        | Arena points: 298 (+160) [x5]
   545 | D        | Bought 5 scrolls of blinking for 375 gold pieces
   567 | D        | Round 5.
   568 | D        | Noticed a witch
   568 | D        | Noticed a five-headed hydra
   569 | D        | Noticed a vampire mosquito
   585 | D        | Noticed a seven-headed hydra
   612 | D        | Killed a vampire mosquito
   612 | D        | Offered knowledge of Freeze by Vehumet.
   612 | D        | Reached skill level 5 in Conjurations
   621 | D        | Noticed a four-headed hydra
   621 | D        | Killed a five-headed hydra
   621 | D        | Reached **** piety under Vehumet
   621 | D        | Reached skill level 5 in Dodging
   621 | D        | Reached skill level 10 in Spellcasting
   621 | D        | Reached skill level 5 in Translocations
   621 | D        | Reached XP level 8. HP: 6/51 MP: 12/22
   647 | D        | Killed a four-headed hydra
   647 | D        | Reached skill level 5 in Short Blades
   647 | D        | Reached skill level 11 in Spellcasting
   647 | D        | Reached XP level 9. HP: 10/55 MP: 2/24
   702 | D        | Killed a witch
   702 | D        | Reached ***** piety under Vehumet
   702 | D        | Arena points: 543 (+245) [x7]
   702 | D        | Reached skill level 12 in Spellcasting
   703 | D        | Found the +3 Elemental Staff {rElec rF++ rC++ MR++ AC+5}
   703 | D        | Got a decaying rune of Zot
   823 | D        | Learned a level 1 spell: Freeze
   833 | D        | Bought a steaming lead ring for 45 gold pieces
   833 | D        | Bought a translucent bone ring for 45 gold pieces
   834 | D        | Identified the ring "Elouvir" {rPois rF+ Slay+3} (You
                  | bought it in a shop in the Dungeon)
   835 | D        | Identified the ring "Nodwevemp" {rPois rCorr Int-4 Dex+3}
                  | (You bought it in a shop in the Dungeon)
   903 | D        | Round 6.
   924 | D        | Offered knowledge of Static Discharge by Vehumet.
   928 | D        | Reached skill level 1 in Staves
   955 | D        | Reached XP level 10. HP: 63/63 MP: 26/26
   993 | D        | Arena points: 927 (+384) [x8]
  1000 | D        | Bought 15 scrolls of remove curse for 450 gold pieces
  1002 | D        | Reached skill level 10 in Conjurations
  1002 | D        | Reached XP level 11. HP: 67/67 MP: 27/27
  1042 | D        | Round 7.
  1088 | D        | Offered knowledge of Iskenderun's Mystic Blast by Vehumet.
  1143 | D        | Reached ****** piety under Vehumet
  1156 | D        | Noticed an oklob plant
  1169 | D        | Reached skill level 5 in Summonings
  1210 | D        | Learned a level 4 spell: Iskenderun's Mystic Blast
  1218 | D        | Arena points: 997 (+70) [x1]
  1233 | D        | Round 8.
  1242 | D        | Noticed a flayed ghost
  1295 | D        | Offered knowledge of Hailstorm by Vehumet.
  1299 | D        | Killed a flayed ghost
  1299 | D        | Reached skill level 5 in Fighting
  1299 | D        | Reached skill level 5 in Staves
  1301 | D        | Noticed a flayed ghost
  1341 | D        | Noticed Josephine
  1388 | D        | Killed a flayed ghost
  1388 | D        | Reached skill level 5 in Air Magic
  1394 | D        | Learned a level 4 spell: Hailstorm
  1399 | D        | Offered knowledge of Irradiate by Vehumet.
  1420 | D        | Killed Josephine
  1420 | D        | Reached skill level 13 in Spellcasting
  1420 | D        | Reached skill level 5 in Poison Magic
  1431 | D        | Noticed a skeletal warrior
  1432 | D        | Arena points: 1077 (+80) [x1]
  1447 | D        | Round 9.
  1460 | D        | Bought a slimy amber ring for 45 gold pieces
  1460 | D        | Bought a twitching wooden ring for 45 gold pieces
  1460 | D        | Identified the ring of Piareg {rElec rPois Str+6 Int-4}
                  | (You bought it in a shop in the Dungeon)
  1461 | D        | Identified the ring "Sanog" {rPois rF+++ MR+ Str+7 Slay-3}
                  | (You bought it in a shop in the Dungeon)
  1573 | D        | Offered knowledge of Freezing Cloud by Vehumet.
  1574 | D        | Arena points: 1257 (+180) [x2]
  1583 | D        | Learned a level 6 spell: Freezing Cloud
  1632 | D        | Round 10.
  1652 | D        | Noticed a wolf spider
  1667 | D        | Killed a wolf spider
  1667 | D        | Reached skill level 1 in Ice Magic
  1670 | D        | Slain by a phase spider

Illustrated notes

Levels and vault maps discovered:
D:        arena_sprint

Skill      XL: |  1  2  3  4  5  6  7  8  9 10 11 |
---------------+----------------------------------+-----
Short Blades   | 2 3 4 5 |  5.6
Dodging        | 3 4 5 6 7 |  7.4
Stealth        | 4 5 8 9 |  9.8
Spellcasting   | 6 7 8 9 10 11 12 13 | 13.2
Conjurations   | 2 3 4 7 8 9 10 11 | 11.7
Evocations     | 1 2 3 4 |  4.2
Fire Magic     | 2 3 4 |  4.2
Air Magic      | 2 3 4 5 |  5.1
Fighting       | 1 2 3 6 |  6.7
Translocations | 3 4 5 |  5.5
Poison Magic   | 1 3 4 5 |  5.0
Summonings     | 2 4 6 |  6.7
Staves         | 2 8 |  8.7
Shields        | 4 |  4.0
Ice Magic      | 1 |  1.4

Action                   |  1- 3 |  4- 6 |  7- 9 | 10-12 || total
-------------------------+-------+-------+-------+-------++-------
Melee: Dagger            |     6 |    26 |    31 |       ||    63
       Constrict         |     1 |     7 |    13 |    23 ||    44
       Tentacles         |       |     2 |    14 |    27 ||    43
       Staff             |       |       |    13 |   104 ||   117
 Cast: Magic Dart        |     4 |    18 |    21 |    16 ||    59
       Mephitic Cloud    |       |     3 |     3 |    11 ||    17
       Blink             |       |     1 |     2 |       ||     3
       Call Imp          |       |       |    11 |    10 ||    21
       Conjure Flame     |       |       |     1 |       ||     1
Evoke: Wand              |     1 |     3 |     6 |       ||    10
  Use: Potion            |       |     2 |     2 |     6 ||    10
 Stab: Confused          |       |     1 |     8 |    12 ||    21
       Distracted        |       |       |     1 |     1 ||     2
Armor: Skin              |       |     1 |     1 |     1 ||     3
Dodge: Dodged            |     6 |    23 |    52 |    56 ||   137

Table legend: (Time is in decaauts)
 A = Elapsed time spent in this place.
 B = Non-inter-level travel time spent in this place.
 C = Inter-level travel time spent in this place.
 D = Time resting spent in this place.
 E = Time spent auto-exploring this place.
 F = Levels seen in this place.
 G = Mean time per level.
                   A        B        C        D        E       F      G
               +--------+--------+--------+--------+--------+-----+--------+
         Total |   1602 |   1587 |     15 |     15 |    119 |   1 | 1602.0 |
       Dungeon |   1602 |   1587 |     15 |     15 |    119 |   1 | 1602.0 |
               +--------+--------+--------+--------+--------+-----+--------+

Top non-repeatable levels by time:
       D: 1602 daAuts
